Match 36834104
Unlisted

Match 36834104
End
Kradschützen Motorcycle Team
Panzergrenadier Squad
Panzerpioneer Squad
Panzerpioneer Squad
Construct Light Support Kompanie
MG34 Team
Fire Support Elements
Selects Armored Support Battlegroup
Selects Armored Support Battlegroup
Selects Armored Support Battlegroup
Selects Salvage Kits
Assault Mechanized Group
Flakvierling Half-track
hoshot
stevomcmuffinman
0
0

Comments sign in to comment!

No comments posted yet!